 Dungeon Crawl Stone Soup version 0.31-a0-799-g6bc09d010c (webtiles) character file.

Game seed: 230870382369659769

21 Bravepunisher the Ducker (level 2, -3/16 HPs)
             Began as a Spriggan Monk on Sept 19, 2023.
             Slain by a vampire mosquito (7 damage)
             ... on level 6 of the Dungeon.
             The game lasted 00:03:54 (846 turns).

Bravepunisher the Ducker (Spriggan Monk)             Turns: 846, Time: 00:03:54

Health: -3/16      AC:  2    Str:  7    XL:     2   Next: 65%
Magic:  3/3        EV: 19    Int: 11    God:
Gold:   24         SH:  0    Dex: 17    Spells: 1/1 levels left

rFire   . . .        a - +0 short sword
rCold   . . .        d - orb {light}
rNeg    . . .        b - +0 robe
rPois   +            (helmet restricted)
rElec   .            (no cloak)
rCorr   .            (gloves unavailable)
SInv    +            (boots unavailable)
Will    .....        (no amulet)
Stlth   +            g - ring of poison resistance
HPRegen 0.22/turn    (no ring)
MPRegen 0.08/turn

%: no passive effects
@: glowing, very quick
A: very small, no large weapons, unfitting armour, see invisible, speed 3
a: no special abilities


You were on level 6 of the Dungeon.
You visited 1 branch of the dungeon, and saw 7 of its levels.

You collected 24 gold pieces.

Inventory:

Hand Weapons
 a - a +0 short sword (weapon)
Armour
 b - a +0 robe (worn)
 d - an orb of light (worn)
Jewellery
 g - a ring of poison resistance (left hand)
Scrolls
 f - a scroll of noise {unknown}
Potions
 c - a potion of ambrosia
 e - a potion of cancellation {unknown}


   Skills:
 * Level 3.0 Fighting
 - Level 3.2 Short Blades
 + Level 4.5 Dodging


You had one spell level left.
You didn't know any spells.
Your spell library was empty.

Dungeon Overview and Level Annotations

Branches:
Dungeon (7/15)
 Temple: D:4-7

Altars:
Ashenzari
Kikubaaqudgha

Annotations:
D:6 2 runed translucent doors
D:7 3 runed translucent doors, Joseph


Innate Abilities, Weirdness & Mutations

You are very small and have problems with some larger weapons.
You are too small for most types of armour.
You have supernaturally acute eyesight. (SInv)
You cover ground extremely quickly. (Speed+++)


Message History

You see here a throwing net.
A bullfrog comes into view.
The bullfrog gives a loud, deep croak!
The bullfrog attacks as it pursues you! The bullfrog closely misses you.
Found an escape hatch in the floor.
A gnoll comes into view. It is wielding a +0 whip.
The gnoll shouts!
Found an ancient bone altar of Kikubaaqudgha.
The gnoll is no longer moving quickly.
Miasma emanates from the human's flesh.
The human shouts!
Found 6 gold pieces.
Found an escape hatch in the ceiling.
Joseph, a Mercenary comes into view.
He is wielding a +0 quarterstaff.
Joseph shouts!
You see here 6 gold pieces.
Joseph unwields a +0 quarterstaff.
Joseph wields a +0 sling.
Joseph shoots a sling bullet.
The sling bullet completely misses you.
There is an escape hatch in the ceiling here.
A mysterious force pulls you upwards. The hatch slams shut behind you.
Level annotation: 4 runed translucent doors As you open the large door, it creaks loudly!
You hear a shout! x2
The vampire mosquito bites you.
The vampire mosquito draws strength from your injuries!
Unknown command.
There is a large open translucent door here.
An ufetubus comes into view.
The vampire mosquito completely misses you.
You hit the ufetubus.
The ufetubus is lightly wounded.
The vampire mosquito completely misses you.
The ufetubus misses you. The ufetubus closely misses you.
The vampire mosquito bites you!
Ouch! That really hurt!
* * * LOW HITPOINT WARNING * * *
The vampire mosquito draws strength from your injuries!
The vampire mosquito closely misses you.
The vampire mosquito bites you!
You die...

....#
+.##++##..#
....#
###8..8##.#
....#
#8=...8#.#
.#...#
#[....:#.#
.#...#
#[...^[#.##
.#..##
#8....8#..#
.#..#
#####8T.8##..#
#.'.##y'##...#
#..5.@$....#
#.####....## #
#.#### ###
###.# ...
#.l.# #..
#.### #.# #.#
#.#######.#
#.#.......#


You could see a troll, a vampire mosquito and an ufetubus.

Vanquished Creatures
  An adder (D:4)
  A bat (D:1)
  A giant cockroach (D:1)
  3 goblins
  2 kobolds
  3 ball pythons
11 creatures vanquished.

Vanquished Creatures (others)
  A human (D:7)
1 creature vanquished.

Grand Total: 12 creatures vanquished

Notes
Turn   | Place    | Note
-------+----------+-------------------------------------------
     0 | D:1      | Bravepunisher the Spriggan Monk began the quest for the
                  | Orb.
     0 | D:1      | Reached XP level 1. HP: 11/11 MP: 2/2
   227 | D:3      | Reached XP level 2. HP: 16/16 MP: 3/3
   360 | D:5      | Entered Level 5 of the Dungeon
   430 | D:5      | Noticed a scorpion
   510 | D:7      | Found a broken altar of Ashenzari.
   543 | D:7      | Noticed a hornet simulacrum
   543 | D:7      | Noticed an ice beast
   551 | D:7      | Found a runed translucent gate.
   551 | D:7      | Found a runed translucent gate.
   551 | D:7      | Found a runed translucent gate.
   568 | D:7      | Noticed a kobold brigand
   642 | D:6      | Noticed a wyvern
   710 | D:6      | Found a large runed translucent door.
   710 | D:6      | Noticed a troll
   710 | D:6      | Noticed a vampire mosquito
   711 | D:6      | Found a large runed translucent door.
   715 | D:6      | Found a large runed translucent door.
   715 | D:6      | Found a large runed translucent door.
   790 | D:7      | Noticed a sky beast
   798 | D:7      | Noticed a bullfrog
   819 | D:7      | Found an ancient bone altar of Kikubaaqudgha.
   823 | D:7      | Noticed a human
   825 | D:7      | Killed a human
   833 | D:7      | Noticed Joseph
   846 | D:6      | Slain by a vampire mosquito

Illustrated notes

Levels and vault maps discovered:
D:1:      dpeg_arrival_morbid_curiosity, layout_basic
D:2:      layout_basic, minmay_tetromino_t4, uniq_sigmund, uniq_terence,
          uniq_robin, uniq_natasha, uniq_crazy_yiuf_cottage
D:3:      layout_basic, mainiacjoe_overflow_concentric_impassable, uniq_grinder
D:4:      layout_gridville, serial_shops, nicolae_shop_just_a_little_nook
D:5:      layout_layer_cave, mainiacjoe_overflow_swirl,
          minmay_temple_entry_glassed_door, minmay_chambers_of_fives
D:6:      layout_basic, minmay_hollow_rounded_squares
D:7:      layout_loops_ring, mainiacjoe_overflow_catwalk, tgw_kikubaaqudgha,
          gammafunk_ghost_icy, minivault_25, uniq_joseph

Skill      XL: |  1  2 |
---------------+-------+-----
Fighting       | 3 |  3.0
Short Blades   | |  3.2
Dodging        | |  4.5

Action                     || total
---------------------------++-------
  Melee: Short sword       ||    47
 Armour: Robe              ||    14
  Dodge: Dodged            ||    61

Table legend: (Time is in decaauts)
 A = Elapsed time spent in this place.
 B = Non-inter-level travel time spent in this place.
 C = Inter-level travel time spent in this place.
 D = Time resting spent in this place.
 E = Time spent auto-exploring this place.
 F = Levels seen in this place.
 G = Mean time per level.
                   A        B        C        D        E       F      G
               +--------+--------+--------+--------+--------+-----+--------+
         Total |    551 |    551 |      0 |      5 |    200 |   7 |   78.7 |
       Dungeon |    551 |    551 |      0 |      5 |    200 |   7 |   78.7 |
               +--------+--------+--------+--------+--------+-----+--------+

Top non-repeatable levels by time:
     D:6: 112 daAuts
     D:7: 110 daAuts
     D:1: 103 daAuts
     D:4: 93 daAuts
     D:5: 73 daAuts
     D:3: 42 daAuts
     D:2: 15 daAuts
